 Dungeon Sprint DCSS version 0.30-a0-534-gdc55766716 (webtiles) character file.

Game seed: 3177144265896324364

520 rocky1 the Trooper (level 7, -1/60 HPs)
             Began as a Demonspawn Cinder Acolyte on Dec 25, 2022.
             Was an Initiate of Gozag.
             Slain by a fire elemental (7 damage)
             ... created by the fiery vengeance of Ignis
             ... in the Dungeon (Sprint III: "The Ten Rune Challenge").
             The game lasted 00:04:09 (577 turns).

rocky1 the Trooper (Demonspawn Cinder Acolyte)       Turns: 577, Time: 00:04:10

Health: -1/60      AC:  5    Str: 16    XL:     7   Next: 1%
Magic:  6/16       EV: 13    Int: 16    God:    Gozag
Gold:   153        SH:  0    Dex:  8    Spells: 16/18 levels left

rFire   . . .      SeeInvis .    a - -1 mace (flame)
rCold   . . .      Faith    .    (no shield)
rNeg    . . .      Spirit   .    b - +0 robe
rPois   .          Reflect  .    (no helmet)
rElec   .          Harm     .    (no cloak)
rCorr   .          Rampage  .    c - +0 pair of gloves
Will    .....      NoTele   +    (no boots)
Stlth   +                        (no amulet)
HPRegen 0.30/turn                (no ring)
MPRegen 0.15/turn                (no ring)

@: mighty, gold aura, fire susceptible
A: icy blue scales 1, powered by pain 1
a: Renounce Religion, Potion Petition, Call Merchant, Bribe Branch


You were in the Dungeon.
You worshipped Gozag.
Gozag was aware of your devotion.
You visited 1 branch You collected 153 gold pieces.

Inventory:

Hand Weapons
 a - a -1 mace of flaming (weapon)
Armour
 b - a +0 robe (worn)
 c - a +0 pair of gloves (worn)
Wands
 n - a wand of acid (6)
Scrolls
 j - a scroll of immolation {unknown}
 k - 3 scrolls of identify
 m - a scroll of poison {unknown}
Potions
 e - a potion of haste
 f - 3 potions of magic
 g - a potion of berserk rage
 i - 4 potions of mutation {unknown}
 l - 4 potions of flight


   Skills:
 + Level 7.3 Fighting
 + Level 6.7 Maces & Flails
 + Level 6.0 Dodging
 + Level 6.1 Spellcasting
 + Level 6.7 Fire Magic
 + Level 0.0 Evocations


You had 16 spell levels left.
You knew the following spells:

 Your Spells              Type           Power      Damage    Failure   Level
a - Scorch                Fire           52%        2d8       1%          2

Your spell library contained the following spells:

 Spells                   Type           Power      Damage    Failure   Level


Dungeon Overview and Level Annotations

Branches:
Dungeon (1/1)

Altars:
Cheibriados
Dithmenos
Fedhas
Gozag
Hepliaklqana
Makhleb
Nemelex Xobeh
Okawaru
Qazlal
Ru
Trog
Uskayaw
Wu Jian
Xom
Yredelemnul
Jiyva
Lugonu


Innate Abilities, Weirdness & Mutations

You are partially covered in icy blue scales. (AC +2)
You sometimes gain a little power by taking damage.


Message History

You start putting on your armour.
You continue putting on your +0 pair of gloves. x4
You finish putting on your +0 pair of gloves.
You start resting.
You feel a little less mighty now.
You feel a little less agile now.
You start resting.
A human opens the door.
Aiming: Corrosive Bolt
Press: ? - help, Shift-Dir - straight line, f - human
Aim: a human (strong, 60% to hit)
The bolt of acid hits the human!
The acid corrodes the human!
The human is heavily wounded.
The human no longer looks unusually strong.
Casting: Scorch (safe; 1% risk of failure)
Confirm with . or Enter, or press ? or * to list all spells.
Flames lash the human.
The human is severely wounded.
The human's fire resistance burns away.
Casting: Scorch (safe; 1% risk of failure)
Confirm with . or Enter, or press ? or * to list all spells.
Flames lash the fire elemental.
The fire elemental completely resists.
The human hits you!
* * * LOW HITPOINT WARNING * * *
You focus on the pain.
You feel very mighty all of a sudden.
Casting: Scorch (safe; 1% risk of failure)
Confirm with . or Enter, or press ? or * to list all spells.
Flames lash the fire elemental.
The fire elemental completely resists.
The human barely misses you.
Casting: Scorch (safe; 1% risk of failure)
Confirm with . or Enter, or press ? or * to list all spells.
Flames lash the fire elemental.
The fire elemental completely resists.
The fire elemental barely misses you. The human barely misses you.
Casting: Scorch (safe; 1% risk of failure)
Confirm with . or Enter, or press ? or * to list all spells.
Flames lash the human.
The human is burned terribly!
You kill the human!
The fire elemental hits you. The fire elemental burns you!
You die...
Your body crumbles into a pile of gold.

▓▓▓ ▓▓▓ ..♣ ♣.#
######## $ $ $ $ $
..♣♣♣ ♣♣.# #EE@#__# $ $
..♣.♣ ..# #__)#._# $
..~.♣♣♣♣.###+#°###)##
.~~......#....°○....#$
$
~~~~♣♣..E+.⌠........#$$
$$$
~≈≈~~~♣☼.#...######'#$$
$ $
~≈~~~....#.⌠.#__#...#
≈~~~.○...#...#__#...#
p°°.E....#+###_v#...##


You could see 2 fire elementals.

Vanquished Creatures
  A shadow (D)
  A necrophage (D)
  A water elemental (D)
  A jelly (D)
  Jessica (D)
  A necromancer (D)
  3 humans (D)
  A wolf (D)
  3 rats (D)
13 creatures vanquished.

Vanquished Creatures (others)
  37 foxfires (D)
37 creatures vanquished.

Grand Total: 50 creatures vanquished

Notes
Turn   | Place    | Note
-------+----------+-------------------------------------------
     0 | D        | rocky1 the Demonspawn Cinder Acolyte began the quest for
                  | the Orb.
     0 | D        | Reached XP level 1. HP: 18/18 MP: 2/2
    17 | D        | Noticed Jessica
    20 | D        | Killed Jessica
    21 | D        | Gained mutation: You are partially covered in icy blue
                  | scales. (AC +2) [demonic ancestry]
    21 | D        | Reached XP level 2. HP: 25/25 MP: 3/5
    60 | D        | Reached skill level 4 in Fighting
    60 | D        | Reached XP level 3. HP: 31/31 MP: 5/7
   106 | D        | Learned a level 2 spell: Scorch
   117 | D        | Noticed a water elemental
   122 | D        | Killed a water elemental
   123 | D        | Reached skill level 5 in Fighting
   123 | D        | Reached XP level 4. HP: 18/39 MP: 1/9
   215 | D        | Noticed a shadow
   221 | D        | Killed a shadow
   222 | D        | Reached skill level 6 in Fighting
   222 | D        | Reached skill level 5 in Maces & Flails
   222 | D        | Reached skill level 5 in Spellcasting
   222 | D        | Reached skill level 5 in Fire Magic
   222 | D        | Reached XP level 5. HP: 45/46 MP: 5/12
   222 | D        | Gained mutation: You sometimes gain a little power by
                  | taking damage. [demonic ancestry]
   222 | D        | Reached XP level 6. HP: 51/52 MP: 5/13
   223 | D        | Reached skill level 5 in Dodging
   294 | D        | Found a blossoming altar of Fedhas.
   294 | D        | Found a stormy altar of Qazlal.
   294 | D        | Found a snail-covered altar of Cheibriados.
   294 | D        | Found a burning altar of Makhleb.
   294 | D        | Found a shimmering altar of Xom.
   294 | D        | Noticed a spatial vortex
   295 | D        | Found a hazy altar of Hepliaklqana.
   295 | D        | Found an opulent altar of Gozag.
   295 | D        | Found a sparkling altar of Nemelex Xobeh.
   295 | D        | Found a corrupted altar of Lugonu.
   295 | D        | Found a viscous altar of Jiyva.
   299 | D        | Fell from the grace of Ignis
   299 | D        | Became a worshipper of Gozag Ym Sagoz the Greedy
   378 | D        | Found a basalt altar of Yredelemnul.
   378 | D        | Found a shadowy altar of Dithmenos.
   378 | D        | Found a sacrificial altar of Ru.
   509 | D        | Found a hide-covered altar of Uskayaw.
   509 | D        | Found an iron altar of Okawaru.
   509 | D        | Found a bloodstained altar of Trog.
   509 | D        | Found an ornate altar of the Wu Jian Council.
   509 | D        | Noticed a human
   509 | D        | Noticed a human
   534 | D        | Noticed a fire elemental
   534 | D        | Noticed a fire elemental
   534 | D        | Noticed a fire elemental
   536 | D        | HP: 1/53 [human (2)]
   537 | D        | Killed a human
   538 | D        | Reached skill level 7 in Fighting
   538 | D        | Reached XP level 7. HP: 1/60 MP: 14/16
   577 | D        | Killed a human
   577 | D        | Slain by a fire elemental

Illustrated notes

Levels and vault maps discovered:
D:        dungeon_sprint_mu [sprint_mu_entry_forest, sprint_mu_temple_rooms,
          sprint_mu_d1_spiders, sprint_mu_d2_genie, sprint_mu_d3_branching,
          sprint_mu_orc_legion, sprint_mu_elf_gauntlet, sprint_mu_hive_nellie,
          sprint_mu_lair_fedhas, sprint_mu_vaults_butterflies,
          sprint_mu_slime_circle, sprint_mu_swamp_cave, sprint_mu_snake_twists,
          sprint_mu_blade_basic, sprint_mu_crypt_fortress,
          sprint_mu_tomb_spiral, sprint_mu_vestibule_basic,
          sprint_mu_gehenna_hellfire, sprint_mu_dis_giant,
          sprint_mu_tartarus_statrot, sprint_mu_cocytus_islands, sprint_mu_zot1]

Skill      XL: |  1  2  3  4  5  6 |
---------------+-------------------+-----
Maces & Flails | 3 4 5 6 |  6.7
Dodging        | 2 3 4 6 |  6.0
Spellcasting   | 2 3 5 6 |  6.1
Fire Magic     | 3 4 5 6 |  6.7
Fighting       | 4 5 6 7 |  7.3

Action                   |  1- 3 |  4- 6 |  7- 9 || total
-------------------------+-------+-------+-------++-------
Melee: Mace              |     9 |    26 |       ||    35
 Cast: Scorch            |     3 |     3 |     5 ||    11
Invok: Foxfire Swarm     |     2 |     2 |       ||     4
Evoke: Wand              |       |       |     1 ||     1
  Use: Potion            |       |     1 |     2 ||     3
       Scroll            |       |       |     1 ||     1
Armor: Robe              |     1 |     8 |     1 ||    10
Dodge: Dodged            |     5 |    18 |     6 ||    29

Table legend: (Time is in decaauts)
 A = Elapsed time spent in this place.
 B = Non-inter-level travel time spent in this place.
 C = Inter-level travel time spent in this place.
 D = Time resting spent in this place.
 E = Time spent auto-exploring this place.
 F = Levels seen in this place.
 G = Mean time per level.
                   A        B        C        D        E       F      G
               +--------+--------+--------+--------+--------+-----+--------+
         Total |    586 |    586 |      0 |    331 |      9 |   1 |  586.0 |
       Dungeon |    586 |    586 |      0 |    331 |      9 |   1 |  586.0 |
               +--------+--------+--------+--------+--------+-----+--------+

Top non-repeatable levels by time:
       D: 586 daAuts
